 Dungeon Crawl Stone Soup version 0.29.1-1-gd02db6906a (webtiles) character file.

Game seed: 15025937651692399075

576 Ashen the Chiller (level 7, -4/51 HPs)
             Began as a Demonspawn Ice Elementalist on Sept 30, 2022.
             Slain by an ogre
             ... wielding a +0 giant spiked club
              (21 damage)
             ... on level 4 of the Dungeon.
             The game lasted 00:05:28 (4518 turns).

Ashen the Chiller (Demonspawn Ice Elementalist)     Turns: 4518, Time: 00:05:31

Health: -4/51      AC:  9    Str:  8    XL:     7   Next: 12%
Magic:  16/22      EV: 12    Int: 23    God:
Gold:   71         SH:  4    Dex: 13    Spells: 7/14 levels left

rFire   . . .      SeeInvis +   r - +0 quarterstaff
rCold   . . .      Faith    .   (shield currently unavailable)
rNeg    . . .      Spirit   .   x - +0 leather armour
rPois   .          Reflect  .   (no helmet)
rElec   .          Harm     .   B - +0 cloak
rCorr   .          Rampage  .   (no gloves)
Will    .....                   (no boots)
Stlth   ++........              (no amulet)
HPRegen 0.17/turn               d - ring of see invisible
MPRegen 0.18/turn               h - ring of magical power

@: ice-armoured, freezing walls
A: big brain 2, condensation shield
a: no special abilities


You were on level 4 of the Dungeon.
You visited 1 branch of the dungeon, and saw 4 of its levels.

You collected 71 gold pieces.

Inventory:

Hand Weapons
 g - a +0 flail
 j - a +3 dagger
 r - a +0 quarterstaff (weapon)
 C - a +0 scimitar
Missiles
 l - 5 poisoned darts (quivered)
 t - 5 datura-tipped darts
Armour
 x - a +0 leather armour (worn)
 B - a +0 cloak (worn)
Jewellery
 d - a ring of see invisible (left hand)
 h - a ring of magical power (right hand)
 v - an amulet of magic regeneration
 y - a ring of wizardry
Wands
 A - a wand of acid (5)
 D - a wand of mindburst (8)
 E - a wand of flame (18)
Scrolls
 a - a scroll of magic mapping {unknown}
 c - a scroll of torment {unknown}
 f - a scroll of summoning {unknown}
 m - 2 scrolls of teleportation {unknown}
 n - a scroll of silence {unknown}
 o - a scroll of blinking {unknown}
 p - 3 scrolls of poison {unknown}
 q - 4 scrolls of immolation {unknown}
 s - 2 scrolls of noise {unknown}
 u - 3 scrolls of identify {unknown}
 w - a scroll of amnesia {unknown}
Potions
 b - a potion of magic
 e - a potion of haste
 i - 2 potions of curing {unknown}
 k - a potion of resistance {unknown}
 z - 2 potions of attraction {unknown}


   Skills:
 + Level 2.5 Fighting
 + Level 3.0 Dodging
 + Level 3.2 Stealth
 * Level 4.2 Spellcasting
 * Level 5.2 Ice Magic


You had 7 spell levels left.
You knew the following spells:

 Your Spells              Type           Power      Damage    Failure   Level
a - Freeze                Ice            100%       1d11      1%          1
b - Frozen Ramparts       Ice            56%        1d9       5%          3
c - Ozocubu's Armour      Ice            28%        N/A       5%          3

Your spell library contained the following spells:

 Spells                   Type           Power      Damage    Failure   Level
 Sublimation of Blood     Necr           4%         N/A       22%         2
 Hailstorm                Conj/Ice       16%        3d6       45%         4
 Petrify                  Tmut/Erth      4%         N/A       83%         4
 Irradiate                Conj/Tmut      2%         3d12      99%         5


Dungeon Overview and Level Annotations

Branches:
Dungeon (4/15)
 Temple: D:4-7

Altars:
Ru

Annotations:
D:4 Grinder


Innate Abilities, Weirdness & Mutations

You have an extremely huge brain. (Int +4)
A meltable shield of frost defends you. (SH +4)


Message History

The shadow imp disappears in a puff of smoke!
The frozen ramparts melt away.
E - a wand of flame (18)
An ogre comes into view. It is wielding a +0 giant spiked club.
Found a dagger.
The ogre shouts!
Casting: Freeze (safe; 1% risk of failure)
Confirm with . or Enter, or press ? or * to list all spells.
You can't see any susceptible monsters within range! (Use Z to cast anyway.) Unknown command.
Casting: Freeze (safe; 1% risk of failure)
Confirm with . or Enter, or press ? or * to list all spells.
A film of ice covers your body!
Casting: Ozocubu's Armour (dangerous; 5% risk of failure)
Confirm with . or Enter, or press ? or * to list all spells.
Casting: Frozen Ramparts (dangerous; 5% risk of failure)
Press: ? - help, Dir - look around, f - activate The walls around you are covered in ice.
The wall freezes the ogre.
Your icy armour and frozen ramparts will break if you move.
Continue?
Okay, then.
The wall freezes the ogre.
You barely miss the ogre.
The ogre is moderately wounded.
The wall freezes the ogre.
The ogre closely misses you.
You barely miss the ogre.
The ogre is moderately wounded.
The wall freezes the ogre.
The ogre hits you with a +0 giant spiked club!!
Ouch! That really hurt!
Casting: Frozen Ramparts (dangerous; 5% risk of failure)
Confirm with . or Enter, or press ? or * to list all spells.
Aiming: Freeze (safe; 1% risk of failure)
Press: ? - help, Shift-Dir - straight line, f - ogre
Aim: an ogre, wielding a +0 giant spiked club (heavily wounded)
You freeze the ogre.
The ogre is heavily wounded.
The wall freezes the ogre!
The ogre hits you with a +0 giant spiked club!!
You die...

#........####....##...##.#
#........# ###..##...##.#
#........# #..##...##.#
#........# #..##...##.#
#........# #.......##.#
################......##.#
#. .............##.# #.#
#######.......#.# #.#
#..O@......##.#
###.#####.###...#...#.#
#.........# #...#####.#
#.........# #..>..)...#
#.....O...# ###########
#####.........#
.........####.# .........#
#.# .........# #.#


You could see an ogre.

Vanquished Creatures
  An ice beast (D:4)
  An ogre (D:4)
  Blork the orc (D:4)
  2 scorpions (D:4)
  An iguana (D:4)
  Natasha (twice) (D:4)
  4 adders
  4 gnolls (D:3)
  4 dart slugs
  3 orcs
  6 bats
  8 endoplasms
  4 giant cockroaches
  3 goblins
  4 hobgoblins
  2 quokkas
  5 ball pythons
  3 frilled lizards
  5 kobolds
  4 rats
67 creatures vanquished.

Notes
Turn   | Place    | Note
-------+----------+-------------------------------------------
     0 | D:1      | Ashen the Demonspawn Ice Elementalist began the quest for
                  | the Orb.
     0 | D:1      | Reached XP level 1. HP: 13/13 MP: 3/3
     3 | D:1      | Noticed an electric eel
     4 | D:1      | Noticed an electric eel
   548 | D:1      | Gained mutation: You have an unusually large brain. (Int
                  | +2) [demonic ancestry]
   548 | D:1      | Reached XP level 2. HP: 15/20 MP: 5/5
  1375 | D:2      | HP: 1/20 [adder (1)]
  1463 | D:2      | Reached XP level 3. HP: 25/25 MP: 6/6
  1665 | D:2      | Found a faded altar of an unknown god.
  1688 | D:2      | Reached skill level 1 in Fighting
  1688 | D:2      | Reached skill level 4 in Ice Magic
  2110 | D:2      | Gained mutation: You have an extremely huge brain. (Int +4)
                  | [demonic ancestry]
  2110 | D:2      | Reached XP level 4. HP: 32/32 MP: 8/8
  2770 | D:3      | Found a sacrificial altar of Ru.
  3160 | D:2      | Learned a level 3 spell: Frozen Ramparts
  3164 | D:2      | Learned a level 3 spell: Ozocubu's Armour
  3734 | D:4      | Noticed Grinder
  3766 | D:4      | Reached XP level 5. HP: 37/37 MP: 9/9
  3831 | D:4      | Noticed Natasha
  3839 | D:4      | Killed Natasha
  3907 | D:4      | Noticed an ice beast
  3924 | D:4      | Killed an ice beast
  3925 | D:4      | Gained mutation: A meltable shield of frost defends you.
                  | (SH +4) [demonic ancestry]
  3925 | D:4      | Reached XP level 6. HP: 34/44 MP: 11/11
  4069 | D:4      | Noticed Blork the orc
  4078 | D:4      | Reached skill level 5 in Ice Magic
  4079 | D:4      | Killed Blork the orc
  4080 | D:4      | Reached XP level 7. HP: 38/51 MP: 11/13
  4457 | D:4      | Noticed Natasha
  4460 | D:4      | Killed Natasha
  4518 | D:4      | Slain by an ogre

Illustrated notes

Levels and vault maps discovered:
D:1:      arrival_aquarium_b, layout_loops_cross, minmay_misc_feat_rugged
D:2:      layout_basic, shapermc_ecumenical_altar_venn, basic_altar
D:3:      layout_loops_cross, mainiacjoe_overflow_catwalk
D:4:      minmay_wonky_spiral, layout_basic, uniq_grinder, uniq_blork_the_orc,
          uniq_natasha

Skill      XL: |  1  2  3  4  5  6 |
---------------+-------------------+-----
Dodging        | 2 3 |  3.0
Stealth        | 2 3 |  3.2
Fighting       | 1 2 |  2.5
Ice Magic      | 4 5 |  5.2
Spellcasting   | 3 4 |  4.2

Action                   |  1- 3 |  4- 6 |  7- 9 || total
-------------------------+-------+-------+-------++-------
Melee: Unarmed           |     7 |       |       ||     7
       Flail             |    45 |    47 |       ||    92
       Punch             |     1 |       |       ||     1
       Quarterstaff      |       |    13 |     7 ||    20
 Cast: Freeze            |    25 |    33 |     3 ||    61
       Frozen Ramparts   |       |     2 |     3 ||     5
       Ozocubu's Armour  |       |     2 |     1 ||     3
  Use: Potion            |     2 |       |       ||     2
 Stab: Sleeping          |     5 |     5 |       ||    10
Armor: Robe              |    13 |     1 |       ||    14
       Leather armour    |       |    26 |     1 ||    27
Dodge: Dodged            |    43 |    59 |     4 ||   106
Block: Other             |       |     1 |     1 ||     2
